 Dungeon Crawl Stone Soup version 0.19.1 (webtiles) character file.

54 Idleism the Poker (level 3, 0/28 HPs)
             Began as a Merfolk Skald on Dec 4, 2016.
             Succumbed to an adder's poison
             ... on level 2 of the Dungeon.
             The game lasted 00:03:49 (1434 turns).

Idleism the Poker (Merfolk Skald)                   Turns: 1434, Time: 00:03:49

Health: 0/28       AC:  3    Str: 12    XL:     3   Next: 91%
Magic:  6/6        EV: 12    Int: 11    God:
Gold:   85         SH:  0    Dex: 14    Spells: 1 memorised, 5 levels left

rFire  . . .     SeeInvis .     g - +0 spear
rCold  . . .     Gourm    .     h - +0 robe
rNeg   . . .     Faith    .     (no shield)
rPois  .         Spirit   .     (no helmet)
rElec  .         Reflect  .     (no cloak)
rCorr  .         Harm     .     a - +0 pair of gloves
MR     .....                    (no boots)
Stlth  +.........               (no amulet)
                                (no ring)
                                (no ring)

@: lethally poisoned (0 -> -10)
A: change form in water, swift swim, stealthy swim
a: no special abilities


You were on level 2 of the Dungeon.
You were not hungry.

You visited 1 branch of the dungeon, and saw 2 of its levels.

You collected 85 gold pieces.

Inventory:

Hand Weapons
 g - a +0 spear (weapon)
Armour
 a - a +0 pair of gloves (worn)
 b - a +0 leather armour
 h - a +0 robe (worn)
Scrolls
 e - a scroll of blinking {unknown}
 f - 2 scrolls of identify {unknown}
 i - 3 scrolls of fear {unknown}
 j - 2 scrolls of remove curse {unknown}
 l - a scroll of fog {unknown}
 o - 3 scrolls of recharging {unknown}
Potions
 k - a potion of cure mutation {unknown}
 n - a potion of degeneration {unknown}
 r - a potion of might {unknown}
 s - a potion of lignification {unknown}
Books
 c - a book of Battle

   Spells                             Type                      Level
   a - Infusion                       Charms                       1
   b - Shroud of Golubria             Charms/Translocation         2
   c - Song of Slaying                Charms                       2
   d - Spectral Weapon                Hexes/Charms                 3
   e - Regeneration                   Charms/Necromancy            3
Comestibles
 d - 2 bread rations
 m - 3 fruits
 q - a beef jerky


   Skills:
 - Level 2.3 Fighting
 + Level 5.3 Polearms
 - Level 0.6 Armour
 - Level 1.3 Dodging
 - Level 2.1 Spellcasting
 - Level 3.6 Charms


You had 5 spell levels left.
You knew the following spells:

 Your Spells              Type           Power        Failure   Level  Hunger
a - Infusion              Chrm           #...         10%         1    ##.....


Dungeon Overview and Level Annotations

Branches:
Dungeon (2/15)

Altars:
Ashenzari
Sif Muna
Xom


Message History

The adder bites you.
* * * LOW HITPOINT WARNING * * *
Okay, then.
You barely miss the adder.
The adder is almost dead.
* * * LOW HITPOINT WARNING * * *
You feel sick. The adder closely misses you.
You barely miss the adder.
The adder is severely wounded.
The adder bites you but does no damage. The adder bites you.
* * * LOW HITPOINT WARNING * * *
You are more poisoned.
The adder poisons you!
You barely miss the adder.
The adder is severely wounded.
* * * LOW HITPOINT WARNING * * *
You feel sick. The adder bites you but does no damage.
You barely miss the adder.
The adder is severely wounded.
You die...

##...##.## ##.....##
#.#.### ######.#
##...## #.##.#. #.#
##+## #...... #.#
#.# ####.## #.#
####.### #.# #.# #
......# #.#
#.####.##....# #.#
#......(.....# #.#
### #..S@...#####
#.#
##.#........######.#
# ##..####........#
.....# ##########
####.## #.# #.# #.#
#.


You could see an adder.

Vanquished Creatures
  Terence (D:2)
  An ooze (D:1)
  2 leopard geckos
  2 bats (D:1)
  4 giant cockroaches
  A goblin (D:1)
  6 hobgoblins
  A jackal (D:1)
  A quokka (D:2)
  2 kobolds
  2 rats
23 creatures vanquished.

Notes
Turn   | Place    | Note
-------+----------+-------------------------------------------
     0 | D:1      | Idleism the Merfolk Skald began the quest for the Orb.
     0 | D:1      | Reached XP level 1. HP: 16/16 MP: 3/3
   233 | D:1      | Reached XP level 2. HP: 23/23 MP: 5/5
   644 | D:2      | Reached skill level 4 in Polearms
   702 | D:2      | Found a shimmering altar of Xom.
   703 | D:2      | Noticed Terence
   725 | D:2      | Killed Terence
   725 | D:2      | Reached XP level 3. HP: 14/28 MP: 6/6
   892 | D:2      | Reached skill level 5 in Polearms
  1205 | D:2      | Found a deep blue altar of Sif Muna.
  1205 | D:2      | Found a shattered altar of Ashenzari.
  1433 | D:2      | HP: 1/28 [poisoned by an adder]
  1434 | D:2      | Succumbed to an adder's poison

Skill      XL: |  1  2  3 |
---------------+----------+-----
Polearms       | 4 5 |  5.3
Fighting       | |  2.3
Armour         | |  0.6
Dodging        | |  1.3
Spellcasting   | |  2.1
Charms         | |  3.6

Action                   || total
-------------------------++-------
Melee: Spear             ||   127
  Use: Potion            ||     1
  Eat: Chunk             ||     2
Armor: Leather armour    ||     9
       Robe              ||    15
Dodge: Dodged            ||    72
